Map: [TLMC15] Hardwire

Players

Lambo - Winner!

  • Race: Zerg Zerg

Solar

  • Race: Zerg Zerg

Event: StayAtHome Story Cup #4

VOD

Have the link to the VOD?

Description

Time

  • Played on: Oct. 23, 2021, 1:06 p.m.
  • Length: 10:02

All games in this series

Show
View Real Time Build Order
Export as new Build Order

Lambo Zerg - Winner!

Build Orders: Hatch First, Zergling Baneling 

Get SALT Encoding   

  12  0:00  Drone  
  13  0:13  Overlord  
  13  0:17  Drone  
  14  0:32  Drone x2  
  16  0:48  Hatchery  
  15  0:51  Drone  
  15  0:55  Drone  
  17  0:57  Drone  
  18  1:09  Extractor  
  17  1:13  Spawning Pool  
  17  1:17  Drone  
  17  1:19  Drone  
  18  1:28  Drone  
  19  1:39  Drone  
  20  1:50  Drone  
  21  2:00  Queen x2  
  21  2:01  Overlord, Zergling x2  
  26  2:08  Metabolic Boost  
  26  2:11  Drone  
  26  2:12  Drone  
  28  2:22  Drone  
  29  2:23  Zergling x2  
  30  2:33  Hatchery  
  30  2:36  Drone  
  30  2:41  Drone  
  30  2:43  Drone  
  32  2:46  Baneling Nest  
  31  2:55  Drone  
  31  2:56  Overlord  
  31  2:58  Drone  
  33  3:03  Queen  
  35  3:05  Zergling x2  
  36  3:16  Drone x4  
  36  3:17  Zergling x2  
  40  3:21  Zergling x4  
  42  3:27  Evolution Chamber  
  42  3:28  Zergling x4  
  42  3:30  Baneling  
  42  3:34  Baneling x2  
  42  3:35  Zergling x2  
  43  3:41  Overlord  
  43  3:46  Drone x5  
  48  3:50  Drone  
  49  4:00  Zergling x8  
  53  4:05  Zerg Melee Weapons Level 1  
  53  4:07  Extractor  
  53  4:09  Drone x3  
  55  4:20  Zergling x4  
  55  4:21  Overlord  
  55  4:22  Overlord  
  55  4:24  Overlord  
  57  4:26  Overlord  
  57  4:27  Overlord  
  57  4:39  Overlord  
  57  4:40  Zergling x14  
  57  4:43  Zergling x2  
  63  4:48  Zergling x4  
  63  4:51  Baneling  
  64  4:55  Baneling x4  
  64  4:58  Zergling x10  
  68  5:04  Zergling x2  
  68  5:05  Zergling x8  
  68  5:07  Zergling x4  
  69  5:09  Baneling  
  69  5:10  Zergling x2  
  69  5:13  Zergling x2  
  61  5:15  Zergling x2  
  61  5:18  Zergling x2  
  61  5:21  Zergling x2  
  56  5:25  Zergling x2  
  56  5:27  Zergling x2  
  51  5:29  Zergling x6  
  51  5:32  Zergling x2  
  51  5:34  Baneling  
  51  5:35  Zergling x4  
  53  5:40  Zergling x2  
  53  5:41  Zergling x4  
  48  5:43  Zergling x2  
  48  5:48  Zergling x2  
  45  5:52  Zergling x2  
  45  5:55  Zergling x2  
  45  6:01  Queen  
  44  6:04  Zergling x2  
  44  6:09  Zergling x4  
  47  6:13  Zergling x2  
  47  6:18  Zergling x4  
  50  6:25  Queen  
  53  6:32  Zergling x2  
  53  6:33  Zergling x4  
  53  6:38  Zergling x2  
  56  6:42  Zergling x6  
  57  6:48  Zergling x2  
  57  6:49  Zergling x2  
  58  6:54  Zergling x2  
  58  6:57  Zergling x2  
  58  7:03  Zergling x2  
  58  7:04  Baneling x4  
  58  7:07  Zerg Ground Armor Level 1  
  55  7:09  Zergling x2  
  55  7:12  Hatchery  
  54  7:16  Zergling x2  
  54  7:19  Zergling x2  
  55  7:23  Zergling x6  
  55  7:24  Baneling x2  
  55  7:27  Zergling x2  
  59  7:30  Zergling x2  
  58  7:40  Zergling x8  
  58  7:43  Zergling x2  
  60  7:50  Zergling x2  
  56  7:53  Zergling x2  
  51  8:00  Zergling x2  
  51  8:01  Baneling x4  
  51  8:02  Queen  
  52  8:05  Zergling x8  
  52  8:11  Zergling x2  
  56  8:15  Zergling x2  
  57  8:24  Zergling x2  
  58  8:31  Zergling x4  
  60  8:36  Zergling x14  
  60  8:38  Baneling x3  
  60  8:41  Zergling x4  
  69  8:47  Zergling x2  
  70  8:49  Baneling  
  70  8:51  Zergling x4  
  72  8:59  Roach Warren  
  72  9:00  Zergling x4  
  73  9:04  Zergling x8  
  73  9:07  Baneling  
  77  9:10  Zergling x2  
  77  9:11  Zergling x6  
  77  9:16  Zergling x4  
  76  9:20  Zergling x2  
  69  9:25  Baneling x4  
  69  9:26  Zergling x4  
  69  9:29  Zergling x2  
  63  9:32  Zergling x8  
  63  9:34  Zergling x4  
  64  9:39  Zergling x4  
  64  9:44  Zergling x2  
Show
View Real Time Build Order
Export as new Build Order

Solar Zerg 

Build Orders: Hatch First 

Get SALT Encoding   

  12  0:00  Drone  
  13  0:12  Overlord  
  13  0:16  Drone  
  14  0:31  Drone x2  
  16  0:47  Hatchery  
  15  0:51  Drone  
  15  0:55  Drone  
  17  0:58  Drone  
  18  1:09  Extractor  
  17  1:13  Spawning Pool  
  17  1:15  Drone  
  17  1:20  Drone  
  18  1:28  Drone  
  19  1:41  Drone  
  20  1:50  Drone  
  21  2:00  Queen x2, Zergling x2  
  26  2:01  Overlord  
  26  2:08  Metabolic Boost  
  26  2:10  Drone  
  26  2:11  Drone  
  28  2:21  Zergling x2  
  28  2:22  Drone  
  30  2:32  Hatchery  
  30  2:36  Zergling x2  
  30  2:37  Drone  
  31  2:43  Drone  
  32  2:45  Overlord  
  32  2:56  Drone  
  33  3:08  Zergling x2  
  33  3:09  Zergling x12  
  33  3:10  Zergling x4  
  42  3:19  Drone x2  
  44  3:22  Roach Warren  
  43  3:28  Overlord  
  43  3:29  Drone  
  44  3:38  Overlord  
  44  3:53  Overlord  
  44  4:05  Roach x8  
  44  4:08  Roach  
  62  4:16  Roach  
  63  4:22  Overlord  
  63  4:23  Zergling x2  
  63  4:25  Zergling x12  
  63  4:30  Zergling x4  
  71  4:33  Zergling x2  
  71  4:38  Zergling x2  
  73  4:39  Overlord  
  73  4:41  Zergling x2  
  70  4:51  Zergling x6  
  73  4:54  Zergling x8  
  73  4:59  Zergling x4  
  74  5:09  Zergling x2  
  74  5:12  Zergling x6  
  74  5:13  Ravager  
  76  5:15  Ravager  
  76  5:16  Zergling x4  
  70  5:22  Zergling x2  
  70  5:28  Zergling x4  
  62  5:32  Zergling x2  
  62  5:33  Queen  
  57  5:37  Zergling x4  
  55  5:43  Zergling x2  
  55  5:44  Ravager  
  55  5:46  Zergling x2  
  57  5:55  Zergling x4  
  51  6:01  Roach x2  
  47  6:05  Zergling x14  
  54  6:14  Roach  
  54  6:16  Zergling x4  
  58  6:23  Roach  
  60  6:26  Roach  
  60  6:27  Zergling x2  
  63  6:34  Zergling x12  
  68  6:41  Roach  
  68  6:42  Zergling x6  
  70  6:47  Roach, Zergling x2  
  70  6:53  Extractor  
  68  6:58  Drone x4  
  71  7:03  Drone x2  
  71  7:04  Evolution Chamber  
  66  7:09  Drone x2  
  66  7:10  Roach  
  66  7:13  Drone  
  70  7:16  Zergling x4  
  70  7:21  Roach  
  70  7:22  Drone  
  74  7:25  Roach  
  76  7:33  Baneling Nest, Zergling x2  
  76  7:34  Zergling x4  
  76  7:37  Roach  
  74  7:40  Roach  
  71  7:48  Roach  
  71  7:52  Roach  
  71  7:54  Roach  
  71  7:58  Roach  
  70  7:59  Zergling x2  
  70  8:00  Zergling x10  
  70  8:03  Roach  
  74  8:08  Roach  
  74  8:12  Overlord  
  75  8:17  Baneling x2  
  75  8:18  Drone x3  
  78  8:21  Baneling, Drone  
  78  8:22  Drone  
  78  8:25  Extractor  
  79  8:28  Baneling  
  79  8:40  Overlord  
  79  8:41  Drone x2  
  80  8:46  Drone x2  
  82  8:50  Drone x2  
  82  8:52  Extractor  
  82  8:53  Baneling x2  
  82  8:54  Zergling x4  
  85  8:56  Baneling  
  85  8:59  Zergling x6  
  85  9:00  Baneling  
  88  9:03  Baneling  
  88  9:09  Baneling x2  
  89  9:10  Zergling x10  
  89  9:14  Overlord  
  89  9:18  Roach x2  
  89  9:20  Baneling  
  89  9:23  Roach  
  77  9:26  Zergling x8  
  77  9:29  Roach  
  68  9:33  Roach  
  68  9:35  Zergling x4  
  64  9:41  Zergling x2  
  64  9:42  Zergling x2  
Tags
 
Add a new tag
Caveats
  • Supply blocks, unpowered buildings, or Contaminate may cause inaccurate times.
  • Supply counts are checked every 10 seconds.